 Dungeon Crawl Stone Soup version 0.31-a0-7-g51783674b7 (webtiles) character file.

Game seed: 3000472929733087939

222 pokeman the Magician (level 5, 0/29 HPs)
             Began as a Deep Elf Hedge Wizard on May 5, 2023.
             Slain by an orc wizard
             ... wielding a +0 hand axe
              (5 damage)
             ... on level 4 of the Dungeon.
             The game lasted 00:06:49 (3837 turns).

pokeman the Magician (Deep Elf Hedge Wizard)        Turns: 3837, Time: 00:06:50

Health: 0/29       AC:  2    Str:  7    XL:     5   Next: 66%
Magic:  0/16       EV: 13    Int: 21    God:
Gold:   214        SH:  0    Dex: 14    Spells: 9/17 levels left

rFire   . . .        o - +1 spear (flame)
rCold   . . .        (no shield)
rNeg    . . .        b - +0 robe
rPois   .            c - +0 hat
rElec   .            (no cloak)
rCorr   .            (no gloves)
SInv    .            (no boots)
Will    .....        h - amulet of regeneration
Stlth   +            q - +4 ring of slaying
HPRegen 1.04/turn    (no ring)
MPRegen 0.15/turn

%: no passive effects
@: confused, weakened
A: no striking features
a: no special abilities


You were on level 4 of the Dungeon.
You visited 1 branch of the dungeon, and saw 4 of its levels.

You collected 214 gold pieces.

Inventory:

Hand Weapons
 o - a +1 spear of flaming (weapon)
Armour
 b - a +0 robe (worn)
 c - a +0 hat (worn)
Jewellery
 h - an amulet of regeneration (around neck)
 q - a +4 ring of slaying (left hand)
Scrolls
 e - a scroll of enchant weapon {unknown}
 i - 2 scrolls of fog {unknown}
 k - 2 scrolls of identify {unknown}
 n - a scroll of silence {unknown}
 p - a scroll of poison {unknown}
 r - a scroll of teleportation {unknown}
 s - a scroll of noise {unknown}
Potions
 a - a potion of lignification {unknown}
 d - 2 potions of magic
 f - 2 potions of curing {unknown}
 g - a potion of might {unknown}
 j - 2 potions of flight {unknown}
 l - a potion of haste {unknown}
 m - a potion of attraction {unknown}
 t - a potion of cancellation {unknown}


   Skills:
 - Level 1.0 Fighting
 - Level 1.0 Armour
 - Level 3.0 Dodging
 - Level 3.1 Stealth
 * Level 6.5 Spellcasting
 + Level 2.8 Conjurations
 - Level 1.1 Summonings
 - Level 1.1 Translocations
 + Level 0.6 Air Magic
 + Level 0.8 Poison Magic


You had 9 spell levels left.
You knew the following spells:

 Your Spells              Type           Power      Damage    Failure   Level
a - Magic Dart            Conj           72%        1d6       2%          1
b - Mephitic Cloud        Conj/Pois/Air  13%        N/A       16%         3
c - Call Imp              Summ           22%        N/A       9%          2
d - Blink                 Tloc           22%        N/A       9%          2

Your spell library contained the following spells:

 Spells                   Type           Power      Damage    Failure   Level
 Slow                     Hex            24%        N/A       10%         1
 Cigotuvi's Dreadful Rot  Necr/Pois/Air  18%        N/A       12%         2


Dungeon Overview and Level Annotations

Branches:
Dungeon (4/15)
 Temple: D:4-7

Altars:


Message History

Unknown command.
Something hits the gnoll bouda but does no damage.
The gnoll bouda is engulfed in noxious fumes.
Unknown command.
The gnoll bouda is engulfed in noxious fumes.
The gnoll bouda hits the hobgoblin with a +0 whip!
The hobgoblin is killed!
The gnoll bouda barely misses itself.
You feel less confused.
Reach: o) +1 spear (flame)
Press: ? - help, Dir - move target, f/p - gnoll bouda
Aim: a gnoll bouda, wielding a +0 whip and wearing a +0 leather armour (heavily wounded, confused, about 15% to evade your +1 spear of flaming)
You hit the gnoll bouda. You burn the gnoll bouda.
The gnoll bouda is severely wounded.
Something hits you! Something hits you.
Reach: o) +1 spear (flame)
Press: ? - help, Dir - move target, f/p - gnoll bouda
Aim: a gnoll bouda, wielding a +0 whip and wearing a +0 leather armour (heavily wounded, confused, about 15% to evade your +1 spear of flaming)
Something you can't see is in the way.
You closely miss something.
The gnoll bouda seems less confused.
Something hits you.
* * * LOW HITPOINT WARNING * * *
Something hits you.
* * * LOW HITPOINT WARNING * * *
Casting: Mephitic Cloud (quite dangerous; 16% risk of failure)
Confirm with . or Enter, or press ? or * to list all spells.
The spell is quite dangerous to miscast (16% risk of failure)!
Continue anyway?
Aiming: Mephitic Cloud (quite dangerous; 16% risk of failure)
Press: ? - help, Shift-Dir - straight line, f/p - gnoll bouda
Aim: a gnoll bouda, wielding a +0 whip and wearing a +0 leather armour (heavily wounded, chance to affect: 86%)
The ball explodes into a vile cloud!
The stinking cloud engulfs something but does no damage.
The stinking cloud engulfs you but does no damage.
The stinking cloud engulfs the gnoll bouda but does no damage.
The gnoll bouda is heavily wounded.
You are engulfed in noxious fumes.
You choke on the stench!
You are confused.
The gnoll bouda is engulfed in noxious fumes.
The gnoll bouda appears confused.
Something hits you.
You die...

#..>...... ###....##))......#
....#........#......#)....#......
....†.g. .................##.....
..g.g##...........#.......# #....
..<...........##.##..............
............... #.........####..
......>........# ##†........# ..
......#.........##☼.).......#
......# .. #@☼☼......##...
..!..## . #○g☼......# ... ......
............# .......
#........##... ##.......# ...
#.##...## .. .. ##.## ... ..


You could see a gnoll bouda (confused).

Vanquished Creatures
  A sleepcap (D:2)
  5 gnolls
  5 adders
  A shadow imp (D:4)
  10 dart slugs
  3 orcs
  7 ball pythons
  8 bats
  6 endoplasms
  4 giant cockroaches
  5 goblins
  6 hobgoblins
  3 kobolds
  2 quokkas
  A ball python skeleton (D:3)
  4 frilled lizards
  4 rats
75 creatures vanquished.

Vanquished Creatures (others)
  2 withered plants (D:3)
2 creatures vanquished.

Grand Total: 77 creatures vanquished

Notes
Turn   | Place    | Note
-------+----------+-------------------------------------------
     0 | D:1      | pokeman the Deep Elf Hedge Wizard began the quest for the
                  | Orb.
     0 | D:1      | Reached XP level 1. HP: 10/10 MP: 7/7
   276 | D:1      | Reached XP level 2. HP: 16/16 MP: 4/9
   660 | D:1      | Reached skill level 5 in Spellcasting
  1217 | D:2      | Reached XP level 3. HP: 20/20 MP: 9/11
  1221 | D:2      | Learned a level 3 spell: Mephitic Cloud
  1224 | D:2      | Learned a level 2 spell: Call Imp
  1227 | D:2      | Learned a level 2 spell: Blink
  1574 | D:2      | Reached skill level 1 in Fighting
  1574 | D:2      | Reached skill level 1 in Armour
  1785 | D:2      | Reached XP level 4. HP: 25/25 MP: 8/13
  2532 | D:3      | Reached skill level 6 in Spellcasting
  2938 | D:3      | Reached XP level 5. HP: 29/29 MP: 11/15
  3837 | D:4      | Slain by an orc wizard

Illustrated notes

Levels and vault maps discovered:
D:1:      minmay_arrival_open_corners, layout_loops_ring
D:2:      layout_loops_corners, hangedman_decor_peaks_small,
          serial_park_tiny_pond
D:3:      kennysheep_slugbush, layout_loops_corners, serial_undead,
          serial_undead_a, serial_undead_e, serial_undead_f, serial_undead_f
D:4:      layout_cave_pools

Skill      XL: |  1  2  3  4  5 |
---------------+----------------+-----
Spellcasting   | 5 6 |  6.5
Fighting       | 1 |  1.0
Armour         | 1 |  1.0
Conjurations   | 2 |  2.8
Stealth        | 3 |  3.1
Dodging        | 3 |  3.0
Summonings     | |  1.1
Translocations | |  1.1
Air Magic      | |  0.6
Poison Magic   | |  0.8

Action                     |  1- 3 |  4- 6 || total
---------------------------+-------+-------++-------
  Melee: Dagger            |    11 |     1 ||    12
         Spear             |       |    29 ||    29
         Punch             |       |     1 ||     1
   Cast: Magic Dart        |    87 |    86 ||   173
         Blink             |       |     4 ||     4
         Call Imp          |       |     1 ||     1
         Mephitic Cloud    |       |    12 ||    12
   Stab: Sleeping          |       |     2 ||     2
         Distracted        |       |     1 ||     1
         Confused          |       |     2 ||     2
 Armour: Robe              |     9 |     3 ||    12
  Dodge: Dodged            |     9 |    29 ||    38

Table legend: (Time is in decaauts)
 A = Elapsed time spent in this place.
 B = Non-inter-level travel time spent in this place.
 C = Inter-level travel time spent in this place.
 D = Time resting spent in this place.
 E = Time spent auto-exploring this place.
 F = Levels seen in this place.
 G = Mean time per level.
                   A        B        C        D        E       F      G
               +--------+--------+--------+--------+--------+-----+--------+
         Total |   3853 |   3747 |    106 |    265 |   3013 |   4 |  963.2 |
       Dungeon |   3853 |   3747 |    106 |    265 |   3013 |   4 |  963.2 |
               +--------+--------+--------+--------+--------+-----+--------+

Top non-repeatable levels by time:
     D:3: 1384 daAuts
     D:2: 1258 daAuts
     D:1: 1100 daAuts
     D:4: 110 daAuts
